 Dungeon Crawl Stone Soup version 0.22-a0-533-g4d20840 (webtiles) character file.

518 Amnesiac the Ducker (level 7, -2/35 HPs)
             Began as a Spriggan Berserker on June 22, 2018.
             Was a Believer of Trog.
             Killed by nerve-wracking pain
             ... invoked by an orc priest
              (9 damage)
             ... on level 5 of the Dungeon.
             The game lasted 00:05:23 (4539 turns).

Amnesiac the Ducker (Spriggan Berserker)            Turns: 4539, Time: 00:05:23

Health: -2/35      AC:  4    Str: 15    XL:     7   Next: 1%
Magic:  17/17      EV: 22    Int:  9    God:    Trog [**....]
Gold:   173        SH:  0    Dex: 15    Spells: 6/6 levels left

rFire    . . .     SeeInvis +   a - +0 short sword
rCold    + . .     Gourm    .   (shield restricted)
rNeg     . . .     Faith    .   b - +1 animal skin
rPois    .         Spirit   .   (helmet restricted)
rElec    .         Reflect  .   r - +0 cloak
rCorr    .         Harm     .   (gloves unavailable)
MR       +....                  (boots unavailable)
Stlth    +++.......             q - amulet of the acrobat
HPRegen  0.11/turn              o - ring of magical power
MPRegen  0.15/turn              m - ring of protection from cold

@: berserk cooldown, slowed, quick
A: very small, unfitting armour, see invisible, herbivore, speed 3, slow
metabolism 2
a: Berserk, Trog's Hand, Renounce Religion


You were on level 5 of the Dungeon.
You worshipped Trog.
Trog was pleased with you.
You were not hungry.

You visited 1 branch of the dungeon, and saw 5 of its levels.

You collected 173 gold pieces.

Inventory:

Hand Weapons
 a - a +0 short sword (weapon)
Missiles
 d - 41 sling bullets
 e - 30 poisoned needles
 f - 125 stones (quivered)
 g - 8 tomahawks
Armour
 b - a +1 animal skin (worn)
 r - a +0 cloak (worn)
Jewellery
 m - a ring of protection from cold (right hand)
 o - a ring of magical power (left hand)
 q - an amulet of the acrobat (around neck)
Wands
 s - a wand of flame (27)
Scrolls
 h - a scroll of enchant armour {!r}
 j - a scroll of identify {!r}
 k - a scroll of teleportation {!r, unknown}
 n - a scroll of magic mapping {!r}
 p - a scroll of remove curse {!r}
Potions
 i - a potion of magic {!q}
 l - a potion of heal wounds {!q}


   Skills:
 - Level 2.4 Fighting
 * Level 6.3 Short Blades
 + Level 6.7 Dodging
 + Level 6.3 Stealth


You had 6 spell levels left.
You didn't know any spells.
Your spell library was empty.

Dungeon Overview and Level Annotations

Branches:
Dungeon (5/15)
 Temple: D:4-7

Altars:
Kikubaaqudgha
Makhleb
Okawaru
Qazlal
Sif Muna
Trog
Uskayaw
Zin


Innate Abilities, Weirdness & Mutations

You are very small and have problems with some larger weapons.
You are too small for most types of armour.
You have supernaturally acute eyesight. (SInv)
You are a herbivore.
You cover ground extremely quickly.
You need to consume almost no food.


Message History

Found a stone staircase leading up.
The helpless leopard gecko zombie fails to defend itself.
You impale the leopard gecko zombie!!
You destroy the leopard gecko zombie!
Trog accepts your kill.
An orc comes into view. It is wielding a hand axe.
An orc is nearby!
An orc priest comes into view. It is wielding a falchion.
Found 13 gold pieces.
A giant cockroach and an orc priest come into view.
The orc priest shouts!
The orc shouts!
The orc priest mumbles some strange prayers to Beogh against you.
You resist with significant effort.
Found a stone staircase leading down.
You closely miss the giant cockroach.
The giant cockroach completely misses you.
You hit the giant cockroach but do no damage.
The giant cockroach closely misses you.
You hit the giant cockroach but do no damage.
The giant cockroach barely misses you.
A red film seems to cover your vision as you go berserk!
You feel yourself moving faster!
You feel mighty!
The giant cockroach completely misses you.
You barely miss the giant cockroach. You puncture the giant cockroach!
You kill the giant cockroach!
Trog accepts your kill.
You hit the orc priest.
The orc priest is heavily wounded.
You puncture the orc priest!
You kill the orc priest!
Trog accepts your kill.
You have reached level 7!
You hit the orc.
The orc is almost dead.
You puncture the orc!
You feel the power of Trog in you as your rage grows.
You kill the orc!
Trog accepts your kill.
No target in view!
No target in view!
Items here: )) †† a hand axe; a falchion; an orc corpse; a giant cockroach corpse No target in view!
No target in view!
You feel a strong urge to attack something.
You feel your anger nearly subside.
You are no longer berserk.
You pass out from exhaustion.
You feel yourself slow down.
The orc priest calls down the wrath of Beogh upon you.
Beogh smites you!
The orc priest hits you but does no damage.
You can move again.
Unknown command.
Unknown command.
You closely miss the orc priest.
The orc priest calls down the wrath of Beogh upon you.
Beogh smites you!
* * * LOW HITPOINT WARNING * * *
You hit the orc priest but do no damage.
The orc priest invokes the aid of Beogh against you.
Pain shoots through your body!
You die...

##### #...
############.##
#..........o..#
#)##########.## #@#
#...s..> #o#
#....o..
##.######......#8..
#...........o.o##..
#..######.###... ..
#..# #. #.## #
###..######.# #.#
#......)..<.#
#.<..########


You could see an orc priest.

Vanquished Creatures
  An ogre (D:4)
  A hound (D:2)
  An orc priest (D:5)
  Crazy Yiuf (D:3)
  2 orc wizards (D:4)
  Jessica (D:3)
  A bullfrog skeleton (D:4)
  A worker ant (D:4)
  Natasha (thrice) (D:3)
  7 adders
  An ooze (D:3)
  2 dart slugs (D:2)
  A leopard gecko (D:3)
  5 orcs
  4 giant cockroaches
  5 goblins
  4 hobgoblins
  8 jackals
  A ball python (D:4)
  5 bats
  5 frilled lizards
  A jackal skeleton (D:4)
  9 kobolds
  A leopard gecko zombie (D:5)
  2 rats
73 creatures vanquished.

Notes
Turn   | Place    | Note
-------+----------+-------------------------------------------
     0 | D:1      | Amnesiac the Spriggan Berserker began the quest for the Orb.
     0 | D:1      | Reached XP level 1. HP: 11/11 MP: 2/2
   111 | D:1      | Reached skill level 1 in Stealth
   888 | D:2      | Found a deep blue altar of Sif Muna.
   909 | D:1      | Reached XP level 2. HP: 16/16 MP: 3/3
  1026 | D:2      | Reached XP level 3. HP: 17/19 MP: 4/4
  1115 | D:2      | Found a burning altar of Makhleb.
  1139 | D:2      | Reached skill level 5 in Dodging
  1139 | D:2      | Reached XP level 4. HP: 11/23 MP: 5/5
  1280 | D:2      | Found an ancient bone altar of Kikubaaqudgha.
  1280 | D:2      | Found a glowing silver altar of Zin.
  2043 | D:3      | Noticed Jessica
  2055 | D:3      | Killed Jessica
  2112 | D:3      | Reached ** piety under Trog
  2112 | D:3      | Reached XP level 5. HP: 22/27 MP: 6/6
  2316 | D:3      | Found a runed door.
  2421 | D:3      | Noticed Natasha
  2431 | D:3      | Killed Natasha
  2553 | D:3      | Found an iron altar of Okawaru.
  2557 | D:3      | Found a hide-covered altar of Uskayaw.
  2558 | D:3      | Found a bloodstained altar of Trog.
  2638 | D:3      | Reached skill level 5 in Short Blades
  2638 | D:3      | Reached skill level 5 in Stealth
  2810 | D:3      | Noticed Natasha
  2822 | D:3      | Killed Natasha
  2866 | D:3      | Noticed Crazy Yiuf
  2870 | D:3      | Killed Crazy Yiuf
  3098 | D:3      | Noticed Natasha
  3116 | D:3      | Killed Natasha
  3116 | D:3      | Reached XP level 6. HP: 17/32 MP: 7/7
  3223 | D:3      | Found a hide-covered altar of Uskayaw.
  3235 | D:3      | Found an iron altar of Okawaru.
  3240 | D:3      | Found a bloodstained altar of Trog.
  4171 | D:4      | Found a stormy altar of Qazlal.
  4479 | D:5      | Entered Level 5 of the Dungeon
  4527 | D:5      | Reached XP level 7. HP: 35/35 MP: 8/8
  4539 | D:5      | Killed from afar by an orc priest

Vault maps used:
D:1:      lightli_iron_boxes
D:2:      gammafunk_temple_overflow_wave, overflow_temple_1_default,
          makhleb_blood_cavern_becter
D:3:      grunt_temple_overflow_open, uniq_jessica, uniq_natasha,
          uniq_crazy_yiuf_cottage
D:4:      nicolae_overflow_crystal_walls, minmay_misc_feat_tower
D:5:      serial_undead, serial_undead_c, serial_undead_d, serial_undead_d,
          serial_undead_d, first_ration, st_stairs_6, tgw_sif

Skill      XL: |  1  2  3  4  5  6 |
---------------+-------------------+-----
Stealth        | 3 4 5 6 |  6.3
Short Blades   | 4 5 6 |  6.3
Dodging        | 5 6 |  6.7
Fighting       | |  2.4

Action                   |  1- 3 |  4- 6 |  7- 9 || total
-------------------------+-------+-------+-------++-------
Melee: Short sword       |    74 |   197 |     4 ||   275
Invok: Berserk           |     3 |     5 |       ||     8
  Use: Scroll            |       |     8 |       ||     8
       Potion            |       |     2 |       ||     2
 Stab: Sleeping          |     1 |    13 |       ||    14
  Eat: Ration            |       |     6 |       ||     6
Armor: Animal skin       |     5 |    19 |       ||    24
Dodge: Dodged            |    58 |   131 |       ||   189

Table legend:
 A = Spawn XP
 B = Non-spawn XP
 C = Spawn XP percentage of total XP
 D = Spawn monster count
 E = Non-spawn monster count
 F = Spawn count percentage of total count
 G = Total turns spent on level
                    A         B        C        D         E        F      G
               +---------+---------+-------+---------+---------+-------+---------
         Total |       0 |     740 |   0.0 |       0 |      73 |   0.0 |  4539
               +---------+---------+-------+---------+---------+-------+---------
           D:1 |       0 |      20 |   0.0 |       0 |       7 |   0.0 |   958
           D:2 |       0 |     133 |   0.0 |       0 |      22 |   0.0 |   991
           D:3 |       0 |     237 |   0.0 |       0 |      25 |   0.0 |  1665
           D:4 |       0 |     303 |   0.0 |       0 |      15 |   0.0 |   865
           D:5 |       0 |      47 |   0.0 |       0 |       4 |   0.0 |    60
               +---------+---------+-------+---------+---------+-------+---------
